 Dungeon Crawl Stone Soup version 0.23.2 (webtiles) character file.

Game seed: 4214439771713009526

35 Borgoz the Sneak (level 3, -1/27 HPs)
             Began as a Ghoul Enchanter on Apr 4, 2019.
             Slain by an adder (4 damage)
             ... on level 2 of the Dungeon.
             The game lasted 00:01:42 (1201 turns).

Borgoz the Sneak (Ghoul Enchanter)                  Turns: 1201, Time: 00:01:43

Health: -1/27      AC:  5    Str: 11    XL:     3   Next: 33%
Magic:  4/4        EV: 10    Int: 10    God:
Gold:   31         SH:  0    Dex: 10    Spells: 4/5 levels left

rFire    . . .     SeeInvis .   a - +1 dagger
rCold    + . .     Gourm    .   (no shield)
rNeg     + + +     Faith    .   f - +0 ring mail
rPois    ∞         Spirit   .   (no helmet)
rElec    .         Reflect  .   (no cloak)
rCorr    .         Harm     .   (no gloves)
MR       .....                  (no boots)
Stlth    +.........             (no amulet)
HPRegen  0.00/turn              (no ring)
MPRegen  0.09/turn              (no ring)

@: rotting
A: rotting body, claws 1, carnivore, cold resistance 1, negative energy
resistance 3, inhibited regeneration, torment resistance, unbreathing
a: no special abilities


You were on level 2 of the Dungeon.
You were not hungry.

You visited 1 branch of the dungeon, and saw 2 of its levels.

You collected 31 gold pieces.

Inventory:

Hand Weapons
 a - a +1 dagger (weapon)
 b - a +0 short sword
Armour
 f - a +0 ring mail (worn)
Scrolls
 e - 2 scrolls of enchant weapon {unknown}
 g - 4 scrolls of identify {unknown}
 h - a scroll of blinking {unknown}
 i - a scroll of magic mapping {unknown}
 j - a scroll of enchant armour {unknown}
Comestibles
 d - 4 rations


   Skills:
 + Level 0.6 Fighting
 * Level 1.6 Short Blades
 * Level 1.2 Armour
 * Level 2.2 Dodging
 - Level 3.2 Stealth
 - Level 1.7 Spellcasting
 - Level 2.4 Hexes


You had 4 spell levels left.
You knew the following spells:

 Your Spells              Type           Power        Failure   Level  Hunger
a - Corona                Hex            #......      28%         1    ##.....

Your spell library contained the following spells:

 Spells                   Type           Power        Failure   Level  Hunger
 Ensorcelled Hibernation  Hex/Ice        #.....       56%         2    ###....
 Confuse                  Hex            #.......     63%         3    ####...
 Tukima's Dance           Hex            #.......     63%         3    ####...
 Dazzling Spray           Conj/Hex       #.....       80%         3    ####...


Dungeon Overview and Level Annotations

Branches:
Dungeon (2/15)

Altars:


Innate Abilities, Weirdness & Mutations

Your body is rotting away.
You thrive on raw meat.
You are immune to poison.
You have sharp fingernails.
You are carnivorous and can eat meat at any time.
Your flesh is cold resistant. (rC+)
You are immune to negative energy. (rN+++)
You do not regenerate when monsters are visible.
You are immune to unholy pain and torment.
You can survive without breathing.


Message History

The adder bites you but does no damage.
A frilled lizard comes into view.
The frilled lizard hisses angrily.
You hit the adder.
The adder is heavily wounded.
The adder bites you but does no damage.
You barely miss the adder.
The adder is heavily wounded.
The adder barely misses you.
An ooze comes into view.
You barely miss the adder.
The adder is heavily wounded.
The adder bites you but does no damage.
You barely miss the adder.
The adder is heavily wounded.
The adder bites you but does no damage.
You hit the adder.
The adder is almost dead.
The adder bites you.
You die...

#. #.# # ..##.###.. ....
#(.....?.# ..#
##........# #..# .#
..K.......# ##..# #.# K
........###...##..# ...
........(.....#..##
#....####.##.##.........
....l.KS@............#
.....#####..........##
... #....##....# #
.....##.#..<.##
#....##......#
..!......#...#
......#...##.#
.#....##.#.. .# ...
#.##..##


You could see an adder, a kobold and a frilled lizard.

Vanquished Creatures
  An adder (D:2)
  2 leopard geckos (D:1)
  3 bats
  2 giant cockroaches (D:1)
  4 hobgoblins (D:1)
  2 frilled lizards (D:1)
  A jackal zombie (D:2)
  6 kobolds
  2 rats (D:1)
23 creatures vanquished.

Notes
Turn   | Place    | Note
-------+----------+-------------------------------------------
     0 | D:1      | Borgoz the Ghoul Enchanter began the quest for the Orb.
     0 | D:1      | Reached XP level 1. HP: 14/14 MP: 2/2
    28 | D:1      | Reached skill level 1 in Short Blades
   506 | D:1      | Reached XP level 2. HP: 20/20 MP: 3/3
   843 | D:1      | Reached skill level 1 in Armour
  1133 | D:2      | Reached XP level 3. HP: 14/27 MP: 4/4
  1201 | D:2      | Slain by an adder

Skill      XL: |  1  2 |
---------------+-------+-----
Short Blades   | 1 |  1.6
Dodging        | 2 |  2.2
Armour         | 1 |  1.2
Fighting       | |  0.6
Stealth        | |  3.2
Spellcasting   | |  1.7
Hexes          | |  2.4

Action                   || total
-------------------------++-------
Melee: Dagger            ||   153
 Stab: Sleeping          ||     2
  Eat: Chunk             ||     8
Armor: Ring mail         ||    66
       Robe              ||     5
Dodge: Dodged            ||    91
